 Dungeon Crawl Stone Soup version 0.19-a0-1780-g452a841 (webtiles) character file.

2 AmbiguousPuzuma the Insei (level 1, 0/11 HPs)
             Began as a Vine Stalker Monk on Oct 2, 2016.
             Slain by a rat (1 damage)
             ... on level 1 of the Dungeon.
             The game lasted 00:00:36 (114 turns).

AmbiguousPuzuma the Insei (Vine Stalker Monk)        Turns: 114, Time: 00:00:37

Health: 0/11       AC:  2    Str: 13    XL:     1   Next: 40%
Magic:  0/2        EV: 13    Int: 10    God:
Gold:   0          SH:  0    Dex: 16    Spells: 0 memorised, 0 levels left

rFire  . . .     SeeInvis .       - Unarmed
rCold  . . .     Gourm    .     a - +0 robe
rNeg   . . .     Faith    .     (no shield)
rPois  .         Spirit   +     (no helmet)
rElec  .         Dismiss  .     (no cloak)
rCorr  .         Reflect  .     (no gloves)
MR     .....     Harm     .     (no boots)
Stlth  ++........               (no amulet)
                                (no ring)
                                (no ring)

@: no status effects
A: fangs 2, magic shield, antimagic bite, no device heal 3, rot immunity
a: no special abilities


You were on level 1 of the Dungeon.
You were not hungry.

You visited 1 branch of the dungeon, and saw 1 of its levels.

Inventory:

Armour
 a - a +0 robe (worn)
Scrolls
 c - a scroll of remove curse {unknown}
 d - a scroll of amnesia {unknown}
Potions
 e - a potion of lignification {unknown}
Comestibles
 b - a bread ration
 f - a meat ration


   Skills:
 - Level 2.6 Fighting
 - Level 2.4 Dodging
 - Level 2.4 Stealth
 + Level 3.2 Unarmed Combat


You couldn't memorise any spells.
You didn't know any spells.

Dungeon Overview and Level Annotations

Branches:
Dungeon (1/15)

Altars:


Innate Abilities, Weirdness & Mutations

You have extremely sharp teeth.
When hurt, damage is shared between your health and your magic reserves.
Your bite disrupts and absorbs the magic of your enemies.
Potions and wands cannot restore your health.
You are immune to rotting.


Message History

Welcome, AmbiguousPuzuma the Vine Stalker Monk.
Will you be the one to retrieve the fabulous Orb of Zot from the depths?
Found a hunting sling.
Found a staircase leading out of the dungeon.
Unknown command.
You enter the shallow water.
Moving in this stuff is going to be slow.
You enter the shallow water.
Moving in this stuff is going to be slow.
Found a scroll labeled FUCEUTABIO.
c - a scroll labeled FUCEUTABIO
Found a scroll labeled GETEVE XUGO and a meat ration.
A giant cockroach comes into view.
d - a scroll labeled GETEVE XUGO
f - a meat ration A hobgoblin comes into view.
The hobgoblin shouts!
The hobgoblin hits you.
You take 2 damage, and have 9/11 hp.
You now have 1/2 mp.
You hit the hobgoblin. The hobgoblin hits you.
* * * LOW HITPOINT WARNING * * *
You take 2 damage, and have 7/11 hp.
You hit the hobgoblin. The hobgoblin hits you.
* * * LOW HITPOINT WARNING * * *
You take 2 damage, and have 5/11 hp.
You hit the hobgoblin.
You kill the hobgoblin!
You see here a hobgoblin corpse.
Found a brown potion.
MP restored: 2
e - a brown potion A hobgoblin comes into view.
It is wielding a club.
You hit the hobgoblin.
You bite the hobgoblin, but do no damage.
The hobgoblin hits you but does no damage.
You barely miss the hobgoblin.
You bite the hobgoblin, but do no damage.
The hobgoblin hits you with a club.
* * * LOW HITPOINT WARNING * * *
You take 2 damage, and have 5/11 hp.
You now have 1/2 mp.
You hit the hobgoblin but do no damage. The hobgoblin hits you with a club.
* * * LOW HITPOINT WARNING * * *
You take 4 damage, and have 1/11 hp.
MASSIVE DAMAGE!!
You now have 0/2 mp.
You barely miss the hobgoblin. You bite the hobgoblin. You drain its power.
You feel invigorated.
You kill the hobgoblin!
MP restored: 2 A rat comes into view.
Found 11 gold pieces.
Found a scroll labeled JIPAIK PIX.
A bat comes into view.
You barely miss the rat. The rat bites you.
You die...

.. .b .... .## #
... ..# $# # #.##..
#.#.# ######
#..#.###... ≈≈≈≈≈#
#........# ≈≈≈≈≈#
#....r..###.#
.≈≈≈≈#
#....@....?.#
..≈≈≈##.
####.########
...≈≈#...#. #....#
...≈≈#...#. #....#
....≈##....# #....#
.≈.≈≈##.....##....#
≈≈≈≈≈##...#.#..####
≈≈≈≈≈#............#
≈≈≈≈≈#............#


You could see a bat (sleeping) and a rat.

Vanquished Creatures
  2 hobgoblins (D:1)
2 creatures vanquished.

Notes
Turn   | Place    | Note
-------+----------+-------------------------------------------
     0 | D:1      | AmbiguousPuzuma the Vine Stalker Monk began the quest for the Orb.
     0 | D:1      | Reached XP level 1. HP: 11/11 MP: 2/2
   103 | D:1      | HP: 1/11 [hobgoblin/club (4)]
   114 | D:1      | Slain by a rat

Vault maps used:
D:1:      dpeg_arrival_more_subterranean_lakeside_camping, minmay_pentomino_s4

Action                   || total
-------------------------++-------
Melee: Unarmed           ||     8
       Bite              ||     3

Vault maps used:
D:1:      dpeg_arrival_more_subterranean_lakeside_camping, minmay_pentomino_s4

Table legend:
 A = Turns spent in this place as a percentage of turns spent in the entire game.
 B = Non-inter-level travel turns spent in this place as a percentage of non-inter-level travel turns spent in the entire game.
 C = Inter-level travel turns spent in this place as a percentage of turns spent in this place.
 D = Turns resting spent in this place as a percentage of non-inter-level travel turns spent in this place.
 E = Turns spent auto-exploring this place as a percentage of non-inter-level travel turns spent in this place.
 F = Non-inter-level travel turns spent in this place divided by the number of levels of this place that you've seen.
                   A       B       C       D       E      F
               +-------+-------+-------+-------+-------+----------------------
         Total | 100.0 | 100.0 |   1.0 |   0.0 |   0.0 | 102.0
       Dungeon | 100.0 | 100.0 |   1.0 |   0.0 |   0.0 | 102.0
               +-------+-------+-------+-------+-------+----------------------

Table legend:
 A = Kills in this place as a percentage of kills in entire the game.
 B = Kills by you in this place as a percentage of kills by you in the entire game.
 C = Kills by friends in this place as a percentage of kills by friends in the entire game.
 D = Other kills in this place as a percentage of other kills in the entire game.
 E = Experience gained in this place as a percentage of experience gained in the entire game.
 F = Experience gained in this place divided by the number of levels of this place that you have seen.
                   A       B       C       D       E      F
               +-------+-------+-------+-------+-------+----------------------
         Total | 100.0 | 100.0 |  -nan |  -nan | 100.0 |   4.0
       Dungeon | 100.0 | 100.0 |  -nan |  -nan | 100.0 |   4.0
               +-------+-------+-------+-------+-------+----------------------
